 Dungeon Crawl Stone Soup version 0.30-a0-29-g142975f185 (webtiles) character file.

Game seed: 361551216699978510

219 porpoise the Poker (level 5, -1/42 HPs)
             Began as a Merfolk Gladiator on Aug 27, 2022.
             Slain by an ogre
             ... wielding a +0 giant club
              (3 damage)
             ... on level 5 of the Dungeon.
             The game lasted 00:07:45 (4054 turns).

porpoise the Poker (Merfolk Gladiator)              Turns: 4054, Time: 00:07:45

Health: -1/42      AC:  9    Str: 16    XL:     5   Next: 96%
Magic:  5/5        EV: 13    Int:  7    God:
Gold:   111        SH:  0    Dex: 16    Spells: 4/4 levels left

rFire   . . .      SeeInvis .    a - +0 trident
rCold   . . .      Faith    .    (no shield)
rNeg    . . .      Spirit   .    t - +0 ring mail
rPois   .          Reflect  .    o - +2 helmet
rElec   .          Harm     .    n - +0 cloak
rCorr   .          Rampage  .    (no gloves)
Will    .....                    (no boots)
Stlth   +.........               (no amulet)
HPRegen 0.14/turn                (no ring)
MPRegen 0.09/turn                (no ring)

@: no status effects
A: (nimble swimmer 2), mertail
a: no special abilities


You were on level 5 of the Dungeon.
You visited 1 branch of the dungeon, and saw 5 of its levels.

You collected 111 gold pieces.

Inventory:

Hand Weapons
 a - a +0 trident (weapon)
 b - a +0 sling
Missiles
 d - 3 throwing nets (quivered)
 e - a javelin
Armour
 n - a +0 cloak (worn)
 o - a +2 helmet (worn)
 t - a +0 ring mail (worn)
 u - the +0 chain mail of Grottiness {Will+}
   (You found it on level 5 of the Dungeon)

   Will:      It increases your willpower.
Scrolls
 c - a scroll of poison {unknown}
 f - a scroll of amnesia
 j - a scroll of vulnerability
 k - a scroll of enchant weapon {unknown}
 l - a scroll of butterflies {unknown}
 m - a scroll of acquirement {unknown}
 p - 3 scrolls of magic mapping
 r - a scroll of teleportation
Potions
 g - a potion of flight
 h - 2 potions of might
 i - a potion of attraction {unknown}
 q - a potion of lignification {unknown}
 s - a potion of haste {unknown}


   Skills:
 + Level 4.0 Fighting
 + Level 5.8 Polearms
 - Level 3.1 Throwing
 - Level 5.1 Dodging


You had 4 spell levels left.
You didn't know any spells.
Your spell library contained the following spells:

 Spells                   Type           Power      Damage    Failure   Level
 Ensorcelled Hibernation  Hex/Ice        0%         N/A       80%         2
 Poisonous Vapours        Pois/Air       0%         N/A       80%         2
 Ozocubu's Armour         Ice            0%         N/A       95%         3
 Anguish                  Hex/Necr       0%         N/A       100%        4
 Cause Fear               Hex            0%         N/A       100%        4
 Corpse Rot               Necr/Pois/Air  0%         N/A       100%        4
 Summon Mana Viper        Hex/Summ       0%         N/A       100%        5
 Ozocubu's Refrigeration  Ice            0%         4d7       100%        7


Dungeon Overview and Level Annotations

Branches:
Dungeon (5/15)
 Temple: D:4-7

Altars:
Okawaru

Annotations:
D:2 Sigmund


Innate Abilities, Weirdness & Mutations

((You are very nimble when in or above water. (Stealth+, EV+, Speed+++)))
Your lower body shifts to a powerful aquatic tail in water.


Message History

There is a stone staircase leading down here.
You climb downwards.
Found a crude chain mail.
There is a stone staircase leading up here.
As you read the scroll labelled GITRYN LISTEMY, it crumbles to dust.
You feel strangely unstable.
It was a scroll of teleportation.
You climb upwards.
There is a stone staircase leading down here.
Your surroundings suddenly seem different.
(D) Dungeon
Where to? (Enter - D:5, ? - help)
You see here a +0 club.
There is a stone staircase leading down here.
You climb downwards.
There is a stone staircase leading up here.
An ogre comes into view. It is wielding a +0 giant club.
The ogre shouts!
The ogre moves out of view.
You see here the +0 chain mail of Grottiness {Will+}.
u - the +0 chain mail of Grottiness {Will+}
b - a +0 sling (weapon)
You shoot a sling bullet.
The sling bullet completely misses the ogre.
a - a +0 trident (weapon)
You reach to attack!
You puncture the ogre!
The ogre is moderately wounded.
You puncture the ogre!
The ogre is heavily wounded.
The ogre hits you with a +0 giant club!
You hit the ogre.
The ogre is severely wounded.
You hit the ogre but do no damage.
The ogre is severely wounded.
The ogre hits you with a +0 giant club!!
Ouch! That really hurt!
* * * LOW HITPOINT WARNING * * *
You completely miss the ogre.
The ogre is severely wounded.
The ogre hits you with a +0 giant club.
You die...

########
#..@...#
###..O...#
#........#
#........#
####........#
##.........###
#......<...#
#......^...#
#..........#


You could see an ogre.

Vanquished Creatures
  A scorpion (D:4)
  2 iguanas (D:4)
  4 adders
  2 worms (D:4)
  A dart slug (D:1)
  An orc (D:3)
  5 bats
  9 endoplasms
  A giant cockroach (D:1)
  6 goblins
  5 hobgoblins
  4 jackals
  2 kobolds
  6 quokkas
  7 ball pythons
  A frilled lizard (D:1)
  5 rats
62 creatures vanquished.

Notes
Turn   | Place    | Note
-------+----------+-------------------------------------------
     0 | D:1      | porpoise the Merfolk Gladiator began the quest for the Orb.
     0 | D:1      | Reached XP level 1. HP: 16/16 MP: 1/1
   143 | D:1      | Reached XP level 2. HP: 23/23 MP: 2/2
  1036 | D:2      | Noticed Sigmund
  1179 | D:2      | Reached XP level 3. HP: 17/28 MP: 3/3
  2065 | D:2      | Reached XP level 4. HP: 31/34 MP: 4/4
  2851 | D:4      | Noticed a scorpion
  2863 | D:4      | Killed a scorpion
  2864 | D:4      | Reached skill level 5 in Polearms
  2864 | D:4      | Reached skill level 5 in Dodging
  2864 | D:4      | Reached XP level 5. HP: 34/41 MP: 5/5
  3094 | D:4      | Got the Compendium of Assembling and Spellbinding
  3324 | D:4      | HP: 2/42 [iguana (6)]
  3912 | D:4      | Found an iron altar of Okawaru.
  3996 | D:5      | Entered Level 5 of the Dungeon
  4040 | D:5      | Noticed an ogre
  4045 | D:5      | Identified the +0 chain mail of Grottiness {Will+}
  4053 | D:5      | HP: 2/42 [ogre/+0 giant club (31)]
  4054 | D:5      | Slain by an ogre

Illustrated notes

Levels and vault maps discovered:
D:1:      scummos_arrival_checkerplants, layout_basic
D:2:      layout_basic, kennysheep_nondescript, uniq_crazy_yiuf_cottage,
          uniq_sigmund
D:3:      layout_rooms, kennysheep_generic_room_15
D:4:      layout_cave_pods, nicolae_overflow_hidden_temple, serial_column_ruins,
          column_ruins_square_large, column_ruins_grid_3,
          column_ruins_open_small, column_ruins_grid_2, column_ruins_open_medium
D:5:      layout_basic, kennysheep_generic_room_12

Skill      XL: |  1  2  3  4  5 |
---------------+----------------+-----
Fighting       | 3 4 |  4.0
Polearms       | 5 |  5.8
Throwing       | 3 |  3.1
Dodging        | 5 |  5.1

Action                   |  1- 3 |  4- 6 || total
-------------------------+-------+-------++-------
Melee: Trident           |   120 |   112 ||   232
       Punch             |       |     1 ||     1
 Fire: Sling             |    21 |     2 ||    23
Throw: Throwing net      |       |     1 ||     1
  Use: Scroll            |       |     6 ||     6
 Stab: Sleeping          |     4 |       ||     4
Armor: Leather armour    |    40 |     3 ||    43
       Ring mail         |       |    17 ||    17
Dodge: Dodged            |    97 |    33 ||   130

Table legend: (Time is in decaauts)
 A = Elapsed time spent in this place.
 B = Non-inter-level travel time spent in this place.
 C = Inter-level travel time spent in this place.
 D = Time resting spent in this place.
 E = Time spent auto-exploring this place.
 F = Levels seen in this place.
 G = Mean time per level.
                   A        B        C        D        E       F      G
               +--------+--------+--------+--------+--------+-----+--------+
         Total |   4073 |   3811 |    262 |    983 |   2075 |   5 |  814.6 |
       Dungeon |   4073 |   3811 |    262 |    983 |   2075 |   5 |  814.6 |
               +--------+--------+--------+--------+--------+-----+--------+

Top non-repeatable levels by time:
     D:4: 1447 daAuts
     D:1: 1105 daAuts
     D:3: 826 daAuts
     D:2: 676 daAuts
     D:5: 17 daAuts
